 Dungeon Crawl Stone Soup version 0.27.1-4-g1640c2035a (webtiles) character file.

Game seed: 4951167119146456496

91 Crownlay the Digger (level 4, 0/24 HPs)
             Began as a Gargoyle Earth Elementalist on Nov 7, 2021.
             Killed by nerve-wracking pain
             ... invoked by an orc priest
              (1 damage)
             ... on level 3 of the Dungeon.
             The game lasted 00:05:32 (2798 turns).

Crownlay the Digger (Gargoyle Earth Elementalist)   Turns: 2798, Time: 00:05:33

Health: 0/24       AC:  5    Str: 11    XL:     4   Next: 57%
Magic:  0/9        EV: 11    Int: 17    God:
Gold:   113        SH:  0    Dex: 10    Spells: 9/10 levels left

rFire    . . .     SeeInvis .   h - +0 hand axe (elec)
rCold    . . .     Faith    .   (no shield)
rNeg     + . .     Spirit   .   b - +0 robe
rPois    ∞         Reflect  .   (no helmet)
rElec    +         Harm     .   (no cloak)
rCorr    .         Rampage  .   (no gloves)
Will     .....                  (no boots)
Stlth    ++........             (no amulet)
HPRegen  0.08/turn              (no ring)
MPRegen  0.11/turn              (no ring)

@: very slightly contaminated
A: sickness immunity, AC +3, negative energy resistance 1, electricity
resistance, torment resistance 1, petrification resistance
a: no special abilities


You were on level 3 of the Dungeon.
You visited 1 branch of the dungeon, and saw 3 of its levels.
You visited the Abyss 1 time.

You collected 113 gold pieces.

Inventory:

Hand Weapons
 h - a +0 hand axe of electrocution (weapon)
 o - a +1 short sword of holy wrath
Missiles
 c - 37 stones
Armour
 b - a +0 robe (worn)
Jewellery
 p - a ring of see invisible
Scrolls
 a - a scroll of enchant weapon
 d - 2 scrolls of teleportation
 e - a scroll of torment {unknown}
 g - a scroll of magic mapping {unknown}
 i - a scroll of vulnerability {unknown}
 l - a scroll of blinking {unknown}
 q - a scroll of enchant armour
Potions
 f - a potion of heal wounds {unknown}
 j - a potion of brilliance {unknown}
 k - a potion of lignification {unknown}
 m - a potion of curing {unknown}


   Skills:
 - Level 1.5 Dodging
 - Level 2.1 Stealth
 * Level 3.5 Spellcasting
 - Level 0.7 Transmutations
 + Level 0.9 Ice Magic
 + Level 4.5 Earth Magic


You had 9 spell levels left.
You knew the following spells:

 Your Spells              Type           Power      Damage    Failure   Level
a - Sandblast             Erth           36%        2d10      2%          1

Your spell library contained the following spells:

 Spells                   Type           Power      Damage    Failure   Level
 Passwall                 Tmut/Erth      10%        N/A       9%          2
 Foxfire                  Conj/Fire      12%        2x1d4     17%         1
 Wereblood                Tmut           5%         N/A       19%         2
 Stone Arrow              Conj/Erth      20%        3d8       19%         3
 Ozocubu's Armour         Ice            6%         N/A       32%         3
 Conjure Flame            Conj/Fire      3%         6-21      45%         3
 Inner Flame              Hex/Fire       3%         N/A       45%         3
 Petrify                  Tmut/Erth      12%        N/A       50%         4
 Ozocubu's Refrigeration  Ice            3%         4d5       100%        7
 Summon Hydra             Summ           1%         N/A       100%        7
 Sublimation of Blood     Necr           Unusable   N/A       N/A         2

Dungeon Overview and Level Annotations

Branches:
Dungeon (3/15)

Altars:


Innate Abilities, Weirdness & Mutations

You are immune to sickness and miasma.
Your stone body is resilient. (AC +3)
You are immune to poison.
You resist negative energy. (rN+)
You are resistant to electric shocks. (rElec)
You are resistant to unholy torment.
You are immune to petrification.


Message History

Confirm with . or Enter, or press ? or * to list all spells.
Aiming: Sandblast (safe; 2% risk of failure)
Press: ? - help, Shift-Dir - straight line, f - jackal
Aim: a jackal (74% to hit)
The blast of sand hits the jackal!
You kill the jackal!
Casting: Sandblast (safe; 2% risk of failure)
Confirm with . or Enter, or press ? or * to list all spells.
You don't have enough magic to cast this spell.
Unknown command.
Casting: Sandblast (safe; 2% risk of failure)
Confirm with . or Enter, or press ? or * to list all spells.
You don't have enough magic to cast this spell.
You barely miss the orc priest. You hit the plant but do no damage.
Lightning courses through the plant!!
The plant begins to die.
You hit the plant.
The plant begins to die.
The orc priest hits you with a +0 whip.
* * * LOW HITPOINT WARNING * * *
You hit the orc priest.
The orc priest is moderately wounded.
You hit the plant. x2; Lightning courses through the plant!
The orc priest hits you but does no damage.
You closely miss the orc priest.
The orc priest is moderately wounded.
You hit the plant. Lightning courses through the plant!! You hit the plant.
A nearby plant withers and dies.
The orc priest barely misses you. x2
Casting: Sandblast (safe; 2% risk of failure)
Confirm with . or Enter, or press ? or * to list all spells.
Aiming: Sandblast (safe; 2% risk of failure)
Press: ? - help, Shift-Dir - straight line, f - orc priest
Aim: an orc priest, wielding a +0 whip and wearing a +0 ring mail (moderately wounded, 82% to hit)
The blast of sand hits the orc priest.
The orc priest is heavily wounded.
A nearby plant withers and dies.
The orc priest hits you with a +0 whip.
* * * LOW HITPOINT WARNING * * *
You hit the orc priest.
The orc priest is severely wounded.
The orc priest mumbles some strange prayers to Beogh against you.
Pain shoots through your body!
You die...

..#♣♣≈≈≈≈≈≈≈≈≈P≈≈##
..≈≈≈≈≈≈≈≈≈≈≈P≈≈≈≈#
.≈≈≈≈PP≈≈≈≈≈≈≈≈PP≈##
.♣≈≈≈≈≈≈≈≈≈≈≈≈≈≈...#
...................##
.≈P≈≈≈≈≈≈≈≈≈≈≈≈≈.≈..#
♣P≈≈≈≈≈≈≈≈≈≈≈P≈≈.≈♣....
♣≈≈P≈≈P≈≈♣♣♣≈≈≈≈.≈♣♣ ##
♣P≈≈≈≈≈♣♣♣ ♣♣P≈≈@≈≈♣
≈P≈≈≈≈≈♣ ≈ ♣≈≈≈o≈≈♣
≈≈≈P≈≈P♣ ..≈♣≈≈≈)≈≈♣
.♣≈≈♣♣≈♣ ...≈≈≈≈.≈≈♣
...#♣≈≈.≈♣≈# ...
♣≈≈.≈♣♣# .##.PP≈.≈♣
#PP≈P.≈♣ #P≈≈≈.PP


You could see an orc priest.

Vanquished Creatures
  An iron imp (Abyss:1)
  2 adders
  A worm (D:2)
  A dart slug (D:1)
  2 orcs (D:3)
  3 ball pythons
  A bat (D:1)
  3 endoplasms
  2 giant cockroaches (D:2)
  2 goblins
  2 hobgoblins (D:1)
  5 jackals
  3 quokkas
  2 frilled lizards (D:1)
  3 kobolds
  3 rats
36 creatures vanquished.

Vanquished Creatures (others)
  3 plants (D:3)
3 creatures vanquished.

Grand Total: 39 creatures vanquished

Notes
Turn   | Place    | Note
-------+----------+-------------------------------------------
     0 | D:1      | Crownlay the Gargoyle Earth Elementalist began the quest
                  | for the Orb.
     0 | D:1      | Reached XP level 1. HP: 10/10 MP: 3/3
   417 | D:1      | Reached XP level 2. HP: 15/15 MP: 0/5
   752 | D:1      | Cast into level 1 of the Abyss (unwielding a weapon of
                  | distortion)
   796 | Abyss:1  | Reached skill level 4 in Earth Magic
   796 | Abyss:1  | Reached XP level 3. HP: 4/19 MP: 2/7
   798 | D:1      | Escaped the Abyss
  1348 | D:1      | Found a faded altar of an unknown god.
  1749 | D:2      | Reached XP level 4. HP: 21/24 MP: 8/8
  2797 | D:3      | HP: 1/24 [orc priest (5)]
  2798 | D:3      | Killed from afar by an orc priest

Illustrated notes

Levels and vault maps discovered:
D:1:      ncdulo_wetmaze, layout_basic, hellmonk_ecumenical_altar_run_dry,
          ebering_dispersal_statue_hall, minmay_misc_feat_roman,
          serial_bayou_pond_c
D:2:      layout_basic, serial_glass, glass_columns_c, glass_columns_b,
          due_unseen_surprise, feat_on_display, feat_on_display, feat_on_display
D:3:      layout_basic, mainiacjoe_overflow_six_doors_small,
          gup_sewer_entry_glass, fountainhead, serial_bayou_lagoon_b

Skill      XL: |  1  2 |
---------------+-------+-----
Spellcasting   | 3 |  3.5
Earth Magic    | 4 |  4.5
Dodging        | |  1.5
Stealth        | |  2.1
Transmutations | |  0.7
Ice Magic      | |  0.9

Action                   |  1- 3 |  4- 6 || total
-------------------------+-------+-------++-------
Melee: Unarmed           |    17 |       ||    17
       Hand axe          |    41 |    36 ||    77
Throw: Stone             |     1 |       ||     1
 Cast: Sandblast         |    14 |    10 ||    24
  Use: Scroll            |       |     3 ||     3
 Stab: Sleeping          |     4 |     3 ||     7
Armor: Robe              |    33 |    19 ||    52
Dodge: Dodged            |    59 |    22 ||    81
